 Dungeon Crawl Stone Soup version 0.30.0-10-gfe55d96785 (webtiles) character file.

Game seed: 9407834767672180798

304 NinjaNoafa the Charlatan (level 6, -7/49 HPs)
             Began as a Merfolk Artificer on May 14, 2023.
             Splashed by a jelly's acid (9 damage)
             ... on level 4 of the Dungeon.
             The game lasted 00:07:30 (3666 turns).

NinjaNoafa the Charlatan (Merfolk Artificer)        Turns: 3666, Time: 00:07:30

Health: -7/49      AC: -19   Str: 12    XL:     6   Next: 38%
Magic:  6/6        EV: 18    Int: 10    God:
Gold:   118        SH:  0    Dex: 17    Spells: 5/5 levels left

rFire   . . .        a - +0 falchion
rCold   . . .        (no shield)
rNeg    + . .        k - +0 leather armour
rPois   .            (no helmet)
rElec   .            (no cloak)
rCorr   .            (no gloves)
SInv    .            y - +0 pair of boots
Will    .....        (no amulet)
Stlth   ++           t - ring of positive energy
HPRegen 0.28/turn    v - +5 ring of evasion
MPRegen 0.10/turn

%: no passive effects
@: corroded
A: (nimble swimmer 2), mertail
a: no special abilities


You were on level 4 of the Dungeon.
You visited 1 branch of the dungeon, and saw 5 of its levels.

You collected 314 gold pieces.
You spent 196 gold pieces at shops.

Inventory:

Hand Weapons
 a - a +0 falchion (weapon)
 b - a +2 short sword of holy wrath
Missiles
 g - 3 atropa-tipped darts
 n - 6 boomerangs
Armour
 k - a +0 leather armour (worn)
 y - a +0 pair of boots (worn)
Jewellery
 t - a ring of positive energy (left hand)
 v - a +5 ring of evasion (right hand)
Wands
 c - a wand of flame (13) (quivered)
 d - a wand of charming (15)
 e - a wand of iceblast (5)
 A - a wand of paralysis (8)
Scrolls
 h - 4 scrolls of identify {unknown}
 j - 2 scrolls of immolation
 l - a scroll of teleportation {unknown}
 o - 2 scrolls of amnesia {unknown}
 u - a scroll of acquirement {unknown}
 w - 2 scrolls of noise
 x - a scroll of butterflies {unknown}
 C - a scroll of enchant weapon {unknown}
Potions
 f - 2 potions of mutation {unknown}
 i - 3 potions of curing
 m - 2 potions of cancellation {unknown}
 p - 2 potions of heal wounds
 q - a potion of degeneration {unknown}
 r - a potion of ambrosia {unknown}
 s - a potion of haste {unknown}
 z - 2 potions of flight {unknown}
 B - a potion of attraction {unknown}
 D - 2 potions of lignification {unknown}


   Skills:
 * Level 4.3 Fighting
 - Level 0.6 Armour
 + Level 4.4 Dodging
 - Level 1.1 Stealth
 - Level 5.0 Evocations


You had 5 spell levels left.
You didn't know any spells.
Your spell library contained the following spells:

 Spells                   Type           Power      Damage    Failure   Level
 Ignite Poison            Fire/Tmut/Pois 0%         N/A       82%         3
 Ozocubu's Armour         Ice            0%         N/A       82%         3
 Petrify                  Tmut/Erth      0%         N/A       99%         4
 Sticky Flame             Conj/Fire      0%         2d3       99%         4
 Metabolic Englaciation   Hex/Ice        0%         N/A       100%        5
 Statue Form              Tmut/Erth      0%         N/A       100%        6
 Ozocubu's Refrigeration  Ice            0%         4d7       100%        7
 Ignition                 Fire           0%         3d3       100%        8


Dungeon Overview and Level Annotations

Branches:
Dungeon (5/15) Zot: 26329
 Temple: D:4-7

Altars:
Dithmenos
Vehumet
Wu Jian

Shops:
D:4 *([

Annotations:
D:2 1 runed translucent door, Crazy Yiuf
D:3 1 runed translucent door, ionbeam3's ghost, novice MeFi


Innate Abilities, Weirdness & Mutations

((You are very nimble when in or above water. (Stealth+, EV+, Speed+++)))
Your lower body shifts to a powerful aquatic tail in water.


Message History

The jelly is lightly wounded.
The jelly misses you. The jelly attacks as you move away!
The jelly barely misses you. The jelly attacks as you move away!
The jelly completely misses you.
There is a stone staircase leading up here.
HP restored.
The jelly completely misses you.
You climb upwards.
There is a stone staircase leading down here.
The jelly barely misses you. The jelly completely misses you.
You hit the jelly but do no damage. The acid corrodes you!
Your hands burn!
The jelly is lightly wounded.
The jelly misses you. The jelly hits you. The acid corrodes you!
You are splashed with acid!
You slash the jelly!
Your hands burn!
The jelly is heavily wounded.
The jelly misses you.
You hit the jelly. The acid corrodes you!
Your hands burn!
The jelly is severely wounded.
The jelly barely misses you.
You hit the jelly.
Your hands burn!
* * * LOW HITPOINT WARNING * * *
The jelly is severely wounded.
The jelly misses you. The jelly completely misses you.
You hit the jelly but do no damage. The acid corrodes you!
Your hands burn!
* * * LOW HITPOINT WARNING * * *
The jelly is severely wounded.
The jelly jiggles.
The jelly hits you.
* * * LOW HITPOINT WARNING * * *
The acid corrodes you!
You are splashed with acid!
* * * LOW HITPOINT WARNING * * *
Unknown command.
You hit the jelly but do no damage.
Your hands burn!
* * * LOW HITPOINT WARNING * * *
The jelly is severely wounded.
The jelly hits you.
* * * LOW HITPOINT WARNING * * *
The acid corrodes you!
You are splashed with acid!
You die...

############# #...........#
###### ##.#########.#
#....#######.<..........######
#.##.......>J...######........
#.##########.@#.# #........
#.# #...)...#.# #..###### #.#
#.####.##.# #..# # ##.##
#.####.##.### #..# # #...#
#†#.........# #..# #...#
#.#.##.##...# #..# #...#
#.#†##.####.# #..# ##.##
#.#.##.# #.# #..# #.#
##.#.##[# #.# #..#


You could see a jelly.

Vanquished Creatures
  An ice beast (D:4)
  A scorpion (D:4)
  An orc priest (D:4)
  2 adders (D:2)
  A white imp (D:4)
  2 worms (D:2)
  3 dart slugs
  6 orcs
  5 ball pythons
  6 endoplasms
  3 giant cockroaches
  6 goblins
  7 hobgoblins
  6 jackals
  5 kobolds
  3 quokkas
  5 bats
  4 frilled lizards
  7 rats
74 creatures vanquished.

Notes
Turn   | Place    | Note
-------+----------+-------------------------------------------
     0 | D:1      | NinjaNoafa the Merfolk Artificer began the quest for the
                  | Orb.
     0 | D:1      | Reached XP level 1. HP: 15/15 MP: 1/1
   165 | D:1      | Reached XP level 2. HP: 21/21 MP: 2/2
   356 | D:1      | Found a faded altar of an unknown god.
   434 | D:1      | Reached skill level 4 in Evocations
   585 | D:1      | Reached XP level 3. HP: 16/26 MP: 3/3
   863 | D:2      | Found a radiant altar of Vehumet.
  1214 | D:2      | Found a runed translucent door.
  1215 | D:2      | Noticed Crazy Yiuf
  1460 | D:2      | Reached XP level 4. HP: 32/32 MP: 4/4
  1600 | D:3      | Reached skill level 5 in Evocations
  1727 | D:3      | Found a runed translucent door.
  1727 | D:3      | Noticed ionbeam3's ghost (novice MeFi)
  2478 | D:4      | Found Ginuler's General Store.
  2529 | D:4      | Bought a potion of curing for 42 gold pieces
  2529 | D:4      | Bought 2 potions of heal wounds for 140 gold pieces
  2529 | D:4      | Bought a scroll of noise for 14 gold pieces
  2612 | D:4      | Found a shadowy altar of Dithmenos.
  2640 | D:4      | Found Gipnekh's Antique Armour Boutique.
  2728 | D:4      | Found Webetio's Weapon Shop.
  2736 | D:4      | Noticed a scorpion
  2747 | D:4      | HP: 1/33 [spore (12)]
  2747 | D:4      | Killed a scorpion
  2748 | D:4      | Reached XP level 5. HP: 1/41 MP: 5/5
  3043 | D:4      | Found an ornate altar of the Wu Jian Council.
  3105 | D:4      | Noticed an ice beast
  3139 | D:4      | HP: 2/41 [ice beast (10)]
  3139 | D:4      | Killed an ice beast
  3140 | D:4      | Reached XP level 6. HP: 3/48 MP: 6/6
  3491 | D:5      | Entered Level 5 of the Dungeon
  3648 | D:5      | Found a radiant altar of Vehumet.
  3649 | D:5      | Noticed a black bear
  3666 | D:4      | HP: 2/49 [jelly (2)]
  3666 | D:4      | Splashed by a jelly's acid

Illustrated notes

Levels and vault maps discovered:
D:1:      minmay_arrival_cross, layout_rooms,
          hellmonk_ecumenical_altar_pennies_from_heaven
D:2:      minmay_wonky_spiral, layout_loops_ring, basic_altar,
          kennysheep_generic_room_3, uniq_crazy_yiuf_cottage
D:3:      layout_basic, ebering_ghost_inner_flame
D:4:      layout_loops_ring, mainiacjoe_overflow_concentric_impassable,
          mainiacjoe_overflow_cross_hatched, serial_shops, shop,
          nicolae_square_shop, shop
D:5:      layout_loops_cross, nicolae_vehumet_radiance,
          mainiacjoe_overflow_paths, lemuel_mausoleum_altar_yredelemnul,
          mainiacjoe_overflow_two_lobes, minmay_misc_feat_tower,
          due_unseen_surprise

Skill      XL: |  1  2  3  4  5 |
---------------+----------------+-----
Evocations     | 4 5 |  5.0
Dodging        | 3 4 |  4.4
Fighting       | 3 4 |  4.3
Armour         | |  0.6
Stealth        | |  1.1

Action                     |  1- 3 |  4- 6 || total
---------------------------+-------+-------++-------
  Melee: Club              |    51 |       ||    51
         Short sword       |   100 |    41 ||   141
         Punch             |     2 |     1 ||     3
         Tailslap          |     2 |       ||     2
         Dagger            |       |    43 ||    43
         Falchion          |       |    21 ||    21
  Throw: Boomerang         |       |     2 ||     2
  Evoke: Wand              |       |     2 ||     2
    Use: Scroll            |       |     1 ||     1
         Potion            |       |     1 ||     1
   Stab: Sleeping          |     3 |     3 ||     6
         Distracted        |       |     1 ||     1
 Armour: Leather armour    |    34 |    25 ||    59
  Dodge: Dodged            |    98 |   105 ||   203
